 Dungeon Crawl Stone Soup version 0.27-a0-333-gfa571bf19a (webtiles) character file.

Game seed: 17482468913491415627

17060 ReteAZ the Arsonist (level 11, -1/97 HPs)
             Began as a Demigod Fire Elementalist on Feb 12, 2021.
             Slain by a minotaur
             ... wielding a staff of earth
              (8 damage)
             ... in a Gauntlet.
             The game lasted 00:27:22 (18860 turns).

ReteAZ the Arsonist (Demigod Fire Elementalist)    Turns: 18860, Time: 00:27:23

Health: -1/97      AC:  7    Str:  9      XL:     11   Next: 87%
Magic:  20/24      EV: 11    Int: 35      God:
Gold:   223        SH: 10    Dex: 10 (14) Spells: 9/22 levels left

rFire    + . .     SeeInvis .   O - +4 scimitar (flame)
rCold    + . .     Faith    .   x - +0 kite shield
rNeg     . . .     Spirit   .   V - +1 robe {rC+}
rPois    +         Reflect  .   (no helmet)
rElec    .         Harm     .   a - +0 cloak {Stlth+}
rCorr    .         Rampage  .   L - +2 pair of gloves
Will     +....     NoTele   +   (no boots)
Stlth    ++........             T - amulet of Tesma {RegenMP +Blink rPois rF+}
HPRegen  0.26/turn              P - +4 ring of slaying
MPRegen  0.44/turn              U - +6 ring of intelligence

@: no status effects
A: high mp 1
a: Evoke Blink


You were in a Gauntlet.
You visited 2 branches of the dungeon, and saw 13 of its levels.
You also visited: Ossuary and Gauntlet.

You collected 907 gold pieces.
You spent 684 gold pieces at shops.

Inventory:

Hand Weapons
 h - a +0 short sword of venom
 m - a +3 quarterstaff of chaos
 q - a +0 quarterstaff of holy wrath
 K - a +1 falchion of flaming
 O - a +4 scimitar of flaming (weapon)
 R - a +0 glaive of protection
Armour
 a - a +0 cloak of stealth (worn)
 n - a +0 cloak
 x - a +0 kite shield (worn)
 y - a +0 buckler
 L - a +2 pair of gloves (worn)
 V - a +1 robe of cold resistance (worn)
Jewellery
 r - a ring of protection from cold
 C - an amulet of guardian spirit
 N - a ring of protection from fire
 P - a +4 ring of slaying (left hand)
 Q - an amulet of the acrobat
 T - the amulet of Tesma (around neck) {RegenMP +Blink rPois rF+}
   (You bought it in a shop on level 11 of the Dungeon)

   [amulet of magic regeneration]

   It increases your magic regeneration.
   It protects you from fire.
   It protects you from poison.
   It lets you blink.
 U - a +6 ring of intelligence (right hand)
Wands
 I - a wand of random effects (25)
 J - a wand of charming (16)
 M - a wand of flame (54)
 S - a wand of mindburst (14)
Scrolls
 d - 11 scrolls of identify
 g - 2 scrolls of teleportation
 i - 2 scrolls of amnesia
 o - 3 scrolls of blinking
 t - 2 scrolls of fear
 v - a scroll of fog
 z - 2 scrolls of vulnerability {unknown}
 A - 3 scrolls of enchant armour {unknown}
 G - 2 scrolls of enchant weapon {unknown}
Potions
 b - 3 potions of lignification {unknown}
 c - a potion of brilliance {unknown}
 e - 2 potions of resistance {unknown}
 f - 2 potions of berserk rage {unknown}
 j - 4 potions of flight {unknown}
 k - 10 potions of curing
 l - 3 potions of magic {unknown}
 p - 2 potions of mutation {unknown}
 u - a potion of ambrosia {unknown}
 w - a potion of attraction {unknown}
 E - 2 potions of degeneration {unknown}
 F - a potion of cancellation {unknown}
 H - 3 potions of haste


   Skills:
 + Level 9.4 Fighting
 - Level 1.7 Dodging
 - Level 1.7 Stealth
 + Level 9.3 Shields
 - Level 6.0 Spellcasting
 - Level 6.0 Conjurations
 - Level 10.0 Fire Magic


You had 9 spell levels left.
You knew the following spells:

 Your Spells              Type           Power        Failure   Level
a - Foxfire               Conj/Fire      100%         1%          1
b - Conjure Flame         Conj/Fire      61%          1%          3
c - Fireball              Conj/Fire      30%          8%          5
d - Sticky Flame          Conj/Fire      61%          2%          4

Your spell library contained the following spells:

 Spells                   Type           Power        Failure   Level
 Inner Flame              Hex/Fire       45%          3%          3
 Animate Skeleton         Necr           20%          8%          1
 Pain                     Necr           40%          8%          1
 Summon Small Mammal      Summ           40%          8%          1
 Call Imp                 Summ           10%          12%         2
 Iskenderun's Battlesphe  Conj           51%          19%         5
 Call Canine Familiar     Summ           10%          22%         3
 Summon Guardian Golem    Hex/Summ       10%          22%         3
 Vampiric Draining        Necr           5%           22%         3
 Bolt of Magma            Conj/Fire/Erth 23%          24%         5
 Animate Dead             Necr           5%           58%         4
 Summon Ice Beast         Ice/Summ       10%          58%         4
 Summon Lightning Spire   Summ/Air       10%          58%         4
 Agony                    Necr           10%          91%         5
 Iron Shot                Conj/Erth      15%          98%         6
 Orb of Destruction       Conj           25%          99%         7
 Spellforged Servitor     Conj/Summ      15%          100%        7


Dungeon Overview and Level Annotations

Branches:
Dungeon (12/15)            Temple (0/1) D:6            Lair (1/6) D:11
    Orc (0/2) D:9         Ossuary (visited)         Gauntlet (1/1)

Shops:
D:6 [?*   D:7 (   D:11 =

Annotations:
D:6 Dowan
D:7 3 runed translucent doors, CurlyBrace's ghost, amateur FeSu Gauntlet 6 transporters, exclusion: ice statue


Innate Abilities, Weirdness & Mutations

You have an increased reservoir of magic. (+10% MP)


Message History

The minotaur is moderately wounded.
The minotaur burns!
The minotaur hits you with a staff of earth!!
* * * LOW HITPOINT WARNING * * *
The minotaur shatters you.
* * * LOW HITPOINT WARNING * * *
The minotaur gores you!
* * * LOW HITPOINT WARNING * * *
You feel much better.
The minotaur burns!
The minotaur stops burning.
You feel much better.
The minotaur hits you with a staff of earth!!
The minotaur shatters you!
* * * LOW HITPOINT WARNING * * *
You block the minotaur's attack.
You feel much better.
The minotaur hits you with a staff of earth.
The minotaur shatters you. The minotaur gores you.
Aiming: Corrosive Bolt
Press: ? - help, Shift-Dir - straight line, f/p - minotaur
Aim: a minotaur, wielding a staff of earth, wearing the +9 plate armour "Maymi" {Will++} and quivering silver javelins (heavily wounded, covered in acid, 14% to evade)
The bolt of acid hits the minotaur.
The minotaur is splashed with acid.
The minotaur is heavily wounded.
You block the minotaur's attack. x2
Your magical contamination has completely faded away.
Aiming: Corrosive Bolt
Press: ? - help, Shift-Dir - straight line, f/p - minotaur
Aim: a minotaur, wielding a staff of earth, wearing the +9 plate armour "Maymi" {Will++} and quivering silver javelins (heavily wounded, covered in acid, 14% to evade)
The bolt of acid hits the minotaur but does no damage.
The minotaur is heavily wounded.
The minotaur hits you with a staff of earth!
* * * LOW HITPOINT WARNING * * *
The minotaur shatters you!
* * * LOW HITPOINT WARNING * * *
The minotaur barely misses you.
Aiming: Corrosive Bolt
Press: ? - help, Shift-Dir - straight line, f/p - minotaur
Aim: a minotaur, wielding a staff of earth, wearing the +9 plate armour "Maymi" {Will++} and quivering silver javelins (heavily wounded, covered in acid, 14% to evade)
The bolt of acid misses the minotaur.
The now-empty wand crumbles to dust.
You block the minotaur's attack. The minotaur gores you!
You die...

##+### #.⌠..# #...⌠+ +⌠...
..∩ #.# #######H#######
#.....@.......#
#.###.###.###.#
#.............#
###.###.###.###
####.###.###.####
#...............#
#...............#
######......#####
###########.©..©.#########


You could see a minotaur (corroded).

Vanquished Creatures
  Harold (D:8)
  Erolcha (D:10)
  Erica (D:8)
  A two-headed ogre (D:10)
  A tengu warrior (Gauntlet)
  Nergalle (D:11)
  A wolf spider (Gauntlet)
  A manticore (D:11)
  A cyclops (D:11)
  A gargoyle (D:11)
  A komodo dragon (D:11)
  Psyche (D:10)
  2 tengu conjurers (Gauntlet)
  5 polar bears
  Sigmund (D:2)
  3 wyverns
  3 humans (D:6)
  5 yaks
  A wraith (D:10)
  2 steam dragons (D:10)
  Menkaure (D:7)
  Duvessa (D:6)
  A soldier ant (D:10)
  5 water moccasins
  2 orc warriors (D:8)
  5 sky beasts
  2 black bears (D:11)
  3 ogres
  9 ice beasts
  A necrophage (D:10)
  3 wolves
  10 centaurs
  2 phantoms
  5 bullfrogs
  4 scorpions
  7 killer bees (D:10)
  3 wights (D:12)
  5 electric eels
  2 howler monkeys
  A bullfrog zombie (D:11)
  2 centaur zombies
  3 centaur skeletons
  4 quasits
  5 orc priests
  Crazy Yiuf (D:2)
  6 hounds
  A jelly (D:10)
  2 iguanas
  Ijyb (D:4)
  Natasha (thrice) (D:2)
  10 orc wizards
  8 worker ants
  A bullfrog simulacrum (D:10)
  9 mummies
  A killer bee simulacrum (D:9)
  A worker ant zombie (D:8)
  10 adders
  A gnoll (D:1)
  A shadow imp (D:9)
  5 white imps
  2 ufetubi
  An adder zombie (D:7)
  3 worms
  A dart slug (D:2)
  2 leopard geckos
  24 orcs
  9 bats
  4 giant cockroaches
  A gnoll zombie (Ossuary)
  4 hobgoblins
  20 jackals
  10 kobolds
  2 quokkas (D:7)
  A ball python (D:5)
  A ball python skeleton (D:5)
  3 frilled lizards
  6 goblins
  A hobgoblin zombie (Ossuary)
  4 kobold zombies (Ossuary)
  2 orc zombies (Ossuary)
  7 rats
289 creatures vanquished.

Vanquished Creatures (collateral kills)
  2 foxfires (D:11)
2 creatures vanquished.

Vanquished Creatures (others)
  A sky beast (D:9)
  A bullfrog simulacrum (D:9)
  1672 foxfires
  44 fungi
  50 plants
  A withered plant (D:2)
1769 creatures vanquished.

Grand Total: 2060 creatures vanquished

Notes
Turn   | Place    | Note
-------+----------+-------------------------------------------
     0 | D:1      | ReteAZ the Demigod Fire Elementalist began the quest for
                  | the Orb.
     0 | D:1      | Reached XP level 1. HP: 14/14 MP: 5/5
    17 | D:1      | Reached skill level 1 in Conjurations
   230 | D:1      | Reached skill level 3 in Fire Magic
   303 | D:1      | Reached XP level 2. HP: 20/20 MP: 1/7
  1168 | D:2      | Reached XP level 3. HP: 26/26 MP: 4/8
  1412 | D:2      | Found a faded altar of an unknown god.
  1447 | D:2      | Noticed Sigmund
  1464 | D:2      | Killed Sigmund
  1465 | D:2      | Reached skill level 4 in Fire Magic
  1465 | D:2      | Reached XP level 4. HP: 7/33 MP: 5/11
  1465 | D:2      | Reached XP level 5. HP: 8/38 MP: 5/12
  1715 | D:2      | Found a runed translucent door.
  1716 | D:2      | Noticed Crazy Yiuf
  1727 | D:2      | Killed Crazy Yiuf
  2104 | D:2      | Noticed Natasha
  2118 | D:2      | Killed Natasha
  2441 | D:2      | Noticed Natasha
  2451 | D:2      | Killed Natasha
  2689 | D:2      | Found a basalt altar of Yredelemnul.
  2777 | D:2      | Noticed Natasha
  2790 | D:2      | Killed Natasha
  2791 | D:2      | Reached XP level 6. HP: 26/45 MP: 9/13
  3161 | D:3      | Reached skill level 5 in Fire Magic
  3333 | D:3      | Found a bloodstained altar of Trog.
  4358 | D:4      | Noticed Ijyb
  4369 | D:4      | Killed Ijyb
  4725 | D:4      | Found a glowing silver altar of Zin.
  4725 | D:4      | Found an opulent altar of Gozag.
  5506 | D:3      | Found an iron altar of Okawaru.
  5506 | D:3      | Found a glowing golden altar of the Shining One.
  5553 | D:5      | Entered Level 5 of the Dungeon
  5737 | D:5      | Found a snail-covered altar of Cheibriados.
  5912 | D:5      | Found an ornate altar of the Wu Jian Council.
  6192 | D:5      | Reached XP level 7. HP: 50/50 MP: 8/15
  6598 | D:5      | Reached skill level 6 in Fire Magic
  6673 | D:5      | Learned a level 3 spell: Conjure Flame
  6879 | D:6      | Found a sand-covered staircase.
  6933 | D:6      | Found Varhy's Armour Shoppe.
  6954 | D:6      | Noticed a human
  6966 | D:6      | Killed a human
  7003 | Ossuary  | Entered an ossuary
  7533 | D:6      | Noticed a human
  7546 | D:6      | Killed a human
  7547 | D:6      | Reached skill level 7 in Fire Magic
  7547 | D:6      | Reached XP level 8. HP: 49/57 MP: 14/18
  8043 | D:6      | Found Perghanwo's Assorted Antiques.
  8096 | D:6      | Found Fopp's Magic Scroll Shop.
  8105 | D:6      | Bought a scroll of identify for 22 gold pieces
  8157 | D:6      | Noticed Duvessa
  8178 | D:6      | Killed Duvessa
  8384 | D:6      | Reached skill level 5 in Conjurations
  8619 | D:6      | Found a staircase to the Ecumenical Temple.
  8902 | D:6      | Reached skill level 5 in Spellcasting
  9042 | D:6      | Noticed Dowan
  9067 | D:7      | Reached skill level 8 in Fire Magic
  9258 | D:7      | Noticed Menkaure
  9265 | D:7      | Killed Menkaure
  9387 | D:7      | Found Cyeciphy's Antique Weapon Shoppe.
  9412 | D:7      | Noticed CurlyBrace's ghost (amateur FeSu)
  9417 | D:7      | Found a runed translucent gate.
  9417 | D:7      | Found a runed translucent gate.
  9417 | D:7      | Found a runed translucent gate.
  9843 | D:7      | Reached XP level 9. HP: 63/63 MP: 17/20
 10215 | D:8      | Noticed Harold
 10216 | D:8      | Reached skill level 1 in Fighting
 10216 | D:8      | Reached skill level 1 in Shields
 10236 | D:8      | Killed Harold
 10237 | D:8      | Reached skill level 9 in Fire Magic
 10840 | D:8      | Noticed Erica
 10851 | D:8      | Killed Erica
 11429 | D:8      | Reached XP level 10. HP: 45/77 MP: 15/22
 11865 | D:9      | Learned a level 5 spell: Fireball
 11870 | D:9      | Learned a level 4 spell: Sticky Flame
 12388 | D:9      | Found a staircase to the Orcish Mines.
 12516 | D:9      | Reached skill level 10 in Fire Magic
 13503 | D:9      | Reached skill level 5 in Fighting
 13794 | D:10     | Entered Level 10 of the Dungeon
 13794 | D:10     | Noticed Psyche
 13796 | D:10     | Killed Psyche
 13797 | D:10     | Reached skill level 5 in Shields
 14180 | D:10     | Noticed a two-headed ogre
 14192 | D:10     | Killed a two-headed ogre
 14784 | D:10     | Reached XP level 11. HP: 76/91 MP: 6/24
 15565 | D:10     | Noticed Erolcha
 15570 | D:10     | Killed Erolcha
 16333 | D:11     | Noticed Nergalle
 16347 | D:11     | Killed Nergalle
 16524 | D:11     | Found a staircase to the Lair.
 16892 | D:11     | Found Jeesulup's Jewellery Emporium.
 17067 | D:11     | Bought the amulet of Tesma {RegenMP +Blink rPois rF+} for
                  | 662 gold pieces
 18221 | Lair:1   | Entered Level 1 of the Lair of Beasts
 18239 | Lair:1   | Found a gate leading to a gauntlet.
 18243 | Gauntlet | Entered a Gauntlet
 18243 | Gauntlet | Found a transporter.
 18243 | Gauntlet | Found a transporter.
 18243 | Gauntlet | Noticed a sixfirhy
 18245 | Gauntlet | Found a transporter.
 18245 | Gauntlet | Found a transporter.
 18247 | Gauntlet | Noticed a tengu warrior
 18248 | Gauntlet | Found a transporter.
 18256 | Gauntlet | Found a transporter.
 18257 | Gauntlet | Found a transporter.
 18258 | Gauntlet | Found a transporter.
 18259 | Gauntlet | Found a transporter.
 18261 | Gauntlet | Noticed an entropy weaver
 18265 | Gauntlet | Noticed a glowing orange brain
 18266 | Gauntlet | Noticed a glowing orange brain
 18267 | Gauntlet | Found a transporter.
 18268 | Gauntlet | Found a transporter.
 18326 | Gauntlet | Found a transporter.
 18444 | Gauntlet | Killed a tengu warrior
 18732 | Gauntlet | Identified the +9 plate armour "Maymi" {Will++}
 18732 | Gauntlet | Noticed a minotaur
 18860 | Gauntlet | Slain by a minotaur

Illustrated notes

Levels and vault maps discovered:
D:1:      evilmike_arrival_hilbert_curve, layout_rooms, minivault_14
D:2:      layout_rooms, yredelemnul_altar_generic,
          chequers_ecumenical_altar_simple_redux, uniq_natasha,
          uniq_crazy_yiuf_cottage, uniq_sigmund
D:3:      layout_loops_corners, nicolae_overflow_hidden_temple
D:4:      layout_basic, grunt_temple_overflow_gold_and_silver, moated_statue,
          uniq_ijyb
D:5:      layout_basic, slow_altar_1, general_overflow_altar
D:6:      lemuel_upstairs_altar, layout_loops_ring,
          minmay_temple_entry_antechambers, serial_shops, shop, kennysheep_mini,
          kennysheep_little_box, nicolae_ossuary_entry_false_entrances,
          minmay_ruffians, uniq_duvessa
D:7:      layout_rooms, serial_shops, shop, gammafunk_ghost_split, minivault_14,
          uniq_menkaure
D:8:      layout_rooms, serial_ice, serial_ice_a, serial_ice_h, serial_ice_e,
          serial_ice_b, uniq_harold, uniq_erica
D:9:      layout_roguey, orc_0_dummy, serial_ice, serial_ice_h, serial_ice_l,
          serial_ice_n, serial_ice_c, lemuel_old_faithful
D:10:     layout_loops_ring, serial_ice, serial_ice_o, serial_ice_g,
          serial_ice_j, serial_ice_m, hangedman_misty_isle, uniq_psyche,
          uniq_erolcha
D:11:     layout_stronghold, due_lair_maze_entry_diamond, serial_shops,
          shop_fountains, uniq_nergalle
D:12:     layout_small_grid, grunt_ministairs_13
Lair:1:   layout_long_grid, gauntlet_entry_generic,
          portal_ice_cave_entry_pillars_2, minmay_lair_oklob_bushes,
          uniq_joseph, uniq_gastronok
Gauntlet: minmay_gauntlet_mixed_big_or_small [gammafunk_gauntlet_arena_crates,
          minmay_gauntlet_arena_77_broken_ladder,
          gammafunk_gauntlet_arena_arrow_garden,
          minmay_gauntlet_arena_77_squiggly, gammafunk_gauntlet_arena_grid,
          minmay_gauntlet_arena_77_terracotta_army, gauntlet_exit_hidden_loot]

Skill      XL: |  1  2  3  4  5  6  7  8  9 10 11 |
---------------+----------------------------------+-----
Conjurations   | 1 2 3 4 5 6 |  6.0
Fire Magic     | 3 4 5 7 8 9 10 | 10.0
Spellcasting   | 2 3 4 5 6 |  6.0
Fighting       | 3 6 9 |  9.4
Shields        | 3 6 9 |  9.3
Dodging        | |  1.7
Stealth        | |  1.7

Action                   |  1- 3 |  4- 6 |  7- 9 | 10-12 || total
-------------------------+-------+-------+-------+-------++-------
Melee: Short sword       |    14 |    32 |    42 |       ||    88
       Unarmed           |     3 |       |       |       ||     3
       Quarterstaff      |       |    11 |       |       ||    11
       Falchion          |       |       |    15 |       ||    15
       Scimitar          |       |       |     1 |    63 ||    64
 Cast: Foxfire           |    69 |   195 |   354 |   436 ||  1054
       Conjure Flame     |       |       |     1 |       ||     1
       Sticky Flame      |       |       |       |    28 ||    28
       Fireball          |       |       |       |    20 ||    20
Evoke: Wand              |       |       |     3 |     5 ||     8
  Use: Potion            |       |       |     3 |     5 ||     8
       Scroll            |       |       |       |     7 ||     7
Armor: Robe              |     3 |    15 |    34 |    93 ||   145
Dodge: Dodged            |    19 |    39 |    66 |   180 ||   304
Block: Buckler           |       |       |    22 |    75 ||    97
       Kite shield       |       |       |       |     8 ||     8
       Rpst.: Falchion   |       |       |     7 |       ||     7
       Scimitar          |       |       |     1 |    40 ||    41

Table legend: (Time is in decaauts)
 A = Elapsed time spent in this place.
 B = Non-inter-level travel time spent in this place.
 C = Inter-level travel time spent in this place.
 D = Time resting spent in this place.
 E = Time spent auto-exploring this place.
 F = Levels seen in this place.
 G = Mean time per level.
                   A        B        C        D        E       F      G
               +--------+--------+--------+--------+--------+-----+--------+
         Total |  18921 |  18281 |    640 |   3258 |  12325 |  15 | 1261.4 |
       Dungeon |  17773 |  17134 |    639 |   2925 |  11813 |  12 | 1481.1 |
          Lair |     21 |     21 |      0 |      0 |      0 |   1 |   21.0 |
       Ossuary |    507 |    507 |      0 |     17 |    379 |   1 |  507.0 |
      Gauntlet |    618 |    618 |      0 |    316 |    133 |   1 |  618.0 |
               +--------+--------+--------+--------+--------+-----+--------+

Top non-repeatable levels by time:
    D:11: 2216 daAuts
     D:9: 2006 daAuts
     D:2: 1994 daAuts
     D:8: 1938 daAuts
    D:10: 1867 daAuts
     D:6: 1672 daAuts
     D:4: 1345 daAuts
     D:5: 1317 daAuts
     D:3: 1135 daAuts
     D:1: 1088 daAuts
     D:7: 1015 daAuts
Gauntlet: 618 daAuts
 Ossuary: 507 daAuts
    D:12: 175 daAuts
  Lair:1: 21 daAuts
